Map: 드림캐처 - 래더

Players

Optimus

  • Race: Terran Terran
  • League: Master
  • Spawn Location: 5:00

Solar - Winner!

  • Race: Zerg Zerg
  • Spawn Location: 11:00

Event: HomeStory Cup XVII

VOD

Have the link to the VOD?

Description

Time

  • Played on: June 28, 2018, 2:43 p.m.
  • Length: 8:19

All games in this series

Show
View Real Time Build Order
Export as new Build Order

Optimus Terran 

Build Orders: Liberator Opening, Reaper Expand 

Get SALT Encoding   

  12  0:00  SCV  
  13  0:12  SCV  
  14  0:17  Supply Depot  
  14  0:24  SCV  
  15  0:38  SCV  
  15  0:40  Barracks  
  16  0:45  Refinery  
  16  0:50  SCV  
  17  1:02  SCV  
  18  1:15  SCV  
  19  1:27  Orbital Command, Reaper  
  20  1:39  Command Center  
  20  1:47  Supply Depot  
  20  1:53  SCV  
  21  1:59  Marine  
  22  2:04  Factory  
  22  2:07  SCV  
  23  2:13  Refinery  
  23  2:19  SCV  
  24  2:23  Barracks Tech Lab  
  23  2:30  Command Center  
  23  2:32  SCV  
  23  2:36  Barracks Reactor  
  24  2:41  Supply Depot  
  24  2:44  SCV  
  25  2:51  Starport  
  25  2:55  Hellion  
  25  2:56  SCV  
  28  3:08  SCV  
  28  3:12  Liberator  
  29  3:20  SCV  
  29  3:21  Barracks Tech Lab  
  29  3:23  Hellion x2  
  34  3:32  SCV  
  38  3:42  Orbital Command  
  38  3:44  SCV  
  39  3:49  Hellion  
  39  3:50  Hellion  
  43  3:56  SCV  
  44  4:05  Orbital Command  
  44  4:08  SCV  
  45  4:16  Hellion x2  
  49  4:20  SCV  
  50  4:24  Raven  
  50  4:31  Supply Depot, SCV  
  53  4:33  SCV  
  54  4:40  Barracks Tech Lab  
  54  4:51  Command Center  
  54  4:52  SCV x2  
  56  4:56  Supply Depot  
  56  5:00  Marine  
  56  5:01  Stimpack  
  56  5:04  SCV x2  
  59  5:14  Barracks  
  59  5:15  Barracks  
  59  5:16  SCV x2  
  59  5:19  Supply Depot  
  59  5:21  Marine  
  62  5:22  Starport Reactor  
  61  5:29  SCV  
  61  5:33  SCV, Siege Tank  
  61  5:40  Engineering Bay  
  61  5:41  SCV  
  61  5:46  SCV  
  61  5:48  Marine  
  61  5:55  Engineering Bay  
  61  6:01  SCV x2  
  61  6:02  Marine x2  
  65  6:06  Marine  
  66  6:13  SCV  
  66  6:14  Marine x2  
  66  6:15  SCV  
  68  6:19  Marine  
  68  6:20  Marine  
  68  6:23  Marine  
  68  6:25  Orbital Command, SCV  
  67  6:27  Siege Tank  
  67  6:32  Marine x2  
  65  6:37  Marine  
  65  6:38  Marine  
  66  6:42  Marine  
  66  6:44  Starport Reactor, SCV  
  65  6:49  Refinery, Marine  
  65  6:52  Orbital Command, SCV  
  65  6:53  Marine  
  68  6:55  Marine  
  68  6:56  Marine  
  68  6:57  SCV  
  68  6:59  Marine  
  68  7:01  Refinery, Supply Depot, Siege Tank  
  72  7:04  SCV  
  72  7:07  Marine  
  77  7:09  SCV  
  78  7:15  Barracks  
  78  7:16  SCV, Barracks  
  78  7:20  SCV  
  78  7:21  SCV  
  78  7:22  Medivac x2  
  83  7:27  Orbital Command, Marine x3  
  83  7:28  Marine, SCV  
  90  7:35  Armory  
  91  7:39  Supply Depot  
  91  7:41  Siege Tank  
  91  7:43  SCV x2  
  95  7:48  Marine x3  
  95  7:49  Marine  
  99  7:55  SCV x2  
  99  7:58  Supply Depot x2  
  101  8:00  SCV  
  94  8:07  SCV x2  
Show
View Real Time Build Order
Export as new Build Order

Solar Zerg - Winner!

Build Orders: Pool First 

Get SALT Encoding   

  12  0:01  Drone  
  13  0:12  Overlord  
  13  0:17  Drone  
  14  0:31  Drone x2  
  16  0:40  Spawning Pool  
  15  0:44  Drone  
  15  0:48  Drone  
  17  1:09  Hatchery  
  16  1:11  Drone  
  17  1:25  Extractor  
  16  1:26  Zergling x2  
  16  1:27  Zergling x4  
  16  1:32  Queen  
  21  1:39  Overlord  
  21  1:49  Drone  
  22  2:01  Drone  
  23  2:08  Queen  
  25  2:11  Drone  
  26  2:21  Drone x2  
  28  2:24  Queen  
  30  2:32  Metabolic Boost  
  30  2:34  Drone x2  
  32  2:40  Overlord  
  32  2:41  Drone  
  32  2:44  Drone  
  32  2:47  Drone  
  32  2:49  Drone  
  35  2:59  Drone x2  
  35  3:05  Drone  
  38  3:09  Drone  
  39  3:16  Drone  
  39  3:17  Hatchery, Drone  
  39  3:19  Drone  
  41  3:22  Overlord  
  41  3:24  Drone  
  41  3:26  Drone  
  43  3:36  Overlord  
  43  3:40  Queen  
  45  3:43  Drone x2  
  45  3:44  Zergling x6  
  50  3:49  Overlord  
  50  3:50  Drone  
  50  3:52  Overlord  
  51  3:55  Drone x2  
  53  4:05  Drone x3  
  53  4:06  Zergling x2  
  57  4:13  Roach Warren  
  57  4:14  Zergling x2  
  57  4:18  Queen  
  57  4:20  Extractor  
  57  4:21  Lair  
  57  4:22  Zergling x2, Extractor  
  58  4:24  Zergling x2  
  58  4:29  Drone  
  58  4:30  Drone  
  60  4:35  Spore Crawler  
  60  4:36  Drone  
  60  4:37  Drone  
  61  4:40  Drone  
  61  4:45  Drone  
  63  4:53  Drone x4  
  63  4:54  Drone x3  
  63  4:55  Drone  
  71  5:00  Overlord  
  71  5:02  Roach  
  71  5:04  Overlord  
  73  5:09  Overlord  
  73  5:14  Overlord  
  73  5:15  Evolution Chamber  
  73  5:16  Evolution Chamber  
  73  5:17  Overlord  
  73  5:20  Glial Reconstitution  
  73  5:21  Roach  
  73  5:25  Roach  
  75  5:29  Roach x3  
  75  5:30  Roach  
  75  5:33  Drone x2  
  75  5:34  Drone  
  85  5:36  Drone x2  
  85  5:38  Drone  
  87  5:44  Drone x3  
  87  5:45  Zerg Missile Weapons Level 1, Extractor x2  
  87  5:46  Drone  
  87  5:47  Drone  
  84  5:53  Zerg Ground Armor Level 1  
  84  5:54  Drone  
  84  5:56  Drone  
  86  5:59  Drone  
  86  6:01  Overlord  
  86  6:09  Drone x2  
  88  6:11  Overlord  
  87  6:19  Roach x8  
  95  6:33  Drone x3  
  96  6:45  Drone  
  97  6:47  Drone x2  
  97  6:48  Drone  
  97  6:49  Drone  
  97  6:50  Drone x3  
  104  6:54  Ravager x3  
  104  6:55  Ravager  
  104  6:56  Overlord, Overseer  
  104  6:57  Roach x2  
  112  7:01  Roach  
  112  7:02  Roach x2  
  112  7:04  Overlord  
  112  7:05  Hatchery  
  112  7:08  Roach x2  
  121  7:10  Extractor  
  121  7:12  Roach  
  121  7:14  Roach  
  121  7:15  Roach  
  126  7:17  Overlord  
  126  7:18  Overlord  
  126  7:22  Drone x2  
  128  7:23  Drone  
  128  7:25  Ravager  
  128  7:26  Roach x2  
  134  7:32  Overlord  
  134  7:34  Roach x2  
  134  7:35  Overlord  
  138  7:39  Roach x4  
  144  7:54  Ravager  
  144  7:55  Drone  
  144  7:56  Drone  
  144  7:57  Overlord x2, Drone  
  146  7:59  Roach x3  
  146  8:00  Roach  
Tags
 
Add a new tag
Caveats
  • Supply blocks, unpowered buildings, or Contaminate may cause inaccurate times.
  • Supply counts are checked every 10 seconds.